 Dungeon Crawl Stone Soup version 0.28-a0-919-g0b5b508569 (webtiles) character file.

Game seed: 15743171012823597828

1474 jasper the Grappler (level 8, -2/58 HPs)
             Began as a Demonspawn Berserker on Nov 25, 2021.
             Was a Priest of Trog.
             Slain by a steam dragon (5 damage)
             ... on level 6 of the Dungeon.
             The game lasted 00:09:27 (5876 turns).

jasper the Grappler (Demonspawn Berserker)          Turns: 5876, Time: 00:09:28

Health: -2/58      AC: 11    Str: 17    XL:     8   Next: 49%
Magic:  8/8        EV:  7    Int:  8    God:    Trog [***...]
Gold:   329        SH:  0    Dex: 16    Spells: 7/7 levels left

rFire   + . .      SeeInvis .     - Unarmed
rCold   + . .      Faith    .   (no shield)
rNeg    . . .      Spirit   .   n - +0 chain mail
rPois   +          Reflect  .   m - +1 helmet
rElec   +          Harm     .   q - +0 cloak
rCorr   +          Rampage  .   (no gloves)
Will    +++..                   (no boots)
Stlth   ..........              (no amulet)
HPRegen 1.19/turn               f - ring of willpower
MPRegen 0.11/turn               i - ring of resist corrosion

@: resistant, strong-willed, regenerating, hasted, studying Throwing, very quick
A: foul stench 2, demonic touch 2
a: Renounce Religion, Berserk, Trog's Hand


You were on level 6 of the Dungeon.
You worshipped Trog.
Trog was most pleased with you.
You visited 1 branch of the dungeon, and saw 6 of its levels.

You collected 329 gold pieces.

Inventory:

Hand Weapons
 a - a +0 falchion
 e - a +0 dagger
 j - a +0 dagger of venom
Missiles
 h - 52 stones (quivered)
 o - 3 curare-tipped darts
Armour
 b - a +0 animal skin
 k - a +0 scale mail
 m - a +1 helmet (worn)
 n - a +0 chain mail (worn)
 q - a +0 cloak (worn)
Jewellery
 f - a ring of willpower (left hand)
 i - a ring of resist corrosion (right hand)
Potions
 g - a potion of brilliance {unknown}
 l - a potion of ambrosia {unknown}
 s - a potion of lignification {unknown}


   Skills:
 - Level 3.0 Fighting
 - Level 3.2 Long Blades
 - Level 1.7 Armour
 - Level 1.7 Dodging
 * Level 9.5 Unarmed Combat


You had 7 spell levels left.
You didn't know any spells.
Your spell library was empty.

Dungeon Overview and Level Annotations

Branches:
Dungeon (6/15)             Temple (0/1) D:5

Altars:
Trog

Annotations:
D:2 Sigmund
D:6 Maggie


Innate Abilities, Weirdness & Mutations

You sometimes emit foul miasma when damaged in melee.
Your touch may inflict irresistible damage on your foes.


Message History

You see here a necrophage corpse.
The steam dragon breathes steam at you. The ball of steam hits you!
You hear a shout!
You take 17 damage, and have 36/58 hp.
MASSIVE DAMAGE!!
Maggie the Vainglorious comes into view.
She is wielding a +0 long sword and carrying a wand of flame (13).
The steam dragon bites you.
The steam dragon claws you but does no damage.
You take 5 damage, and have 31/58 hp.
You barely miss the steam dragon. The steam dragon bites you.
The steam dragon claws you but does no damage.
You take 2 damage, and have 29/58 hp.
You hit the steam dragon.
The steam dragon is lightly wounded.
Maggie points at you and mumbles some strange words.
The bolt of fire hits you!!
* * * LOW HITPOINT WARNING * * *
The steam dragon bites you but does no damage.
The steam dragon claws you but does no damage.
You take 20 damage, and have 9/58 hp.
MASSIVE DAMAGE!!
Your skin crawls.
You feel strong-willed. The steam dragon barely misses you.
The steam dragon closely misses you.
You regained 2 hp, and now have 11/58 hp.
You feel protected. The steam dragon barely misses you.
The steam dragon closely misses you.
You feel yourself speed up.
Maggie mutters to herself, "Master Lance won't take me back.
This is the way forward."
Maggie gestures wildly while chanting.
Maggie attempts to bespell you! You resist with almost no effort.
The steam dragon bites you!
* * * LOW HITPOINT WARNING * * *
The steam dragon claws you.
* * * LOW HITPOINT WARNING * * *
You emit a cloud of foul miasma!
You take 10 damage, and have 2/58 hp.
The steam dragon is engulfed in dark miasma.
The steam dragon is poisoned.
The steam dragon seems to slow down.
The steam dragon bites you.
You die...

......)))............#.# #.......
......#####............# #.......
......# ########.....# #.......
......# #.......# #.......
.).[..# #### #.......######....
......# #...###....##.....##....
......# #...........#.....##....
......# #...........#.....#####.
......# #......@..........#####.
........ ......D...†#............
...#........[.......#..##........
...#.......##.......##.##........
...# . #..@....##.##........ ####
.........##.##........ ###
....########.##........ ..# ##...
............ ..... #...
............


You could see Maggie and a steam dragon (poisoned, slow).

Vanquished Creatures
  A steam dragon (D:6)
  An orc warrior (D:5)
  A black bear (D:5)
  A necrophage (D:6)
  2 ogres (D:5)
  A phantom (D:6)
  A scorpion (D:5)
  A bullfrog (D:6)
  A water moccasin zombie (D:5)
  A howler monkey (D:5)
  A jelly (D:5)
  3 orc priests
  2 hounds (D:5)
  A bullfrog skeleton (D:5)
  A centaur skeleton (D:6)
  An iguana (D:4)
  6 orc wizards
  A killer bee zombie (D:5)
  9 adders
  A shadow imp (D:5)
  A dart slug (D:1)
  17 orcs
  13 ball pythons
  10 bats
  2 endoplasms
  4 giant cockroaches
  8 goblins
  4 hobgoblins
  4 frilled lizards
  3 kobolds (D:1)
  8 rats
111 creatures vanquished.

Vanquished Creatures (others)
  An orc wizard (D:6)
  A fungus (D:3)
  3 toadstools (D:3)
5 creatures vanquished.

Grand Total: 116 creatures vanquished

Notes
Turn   | Place    | Note
-------+----------+-------------------------------------------
     0 | D:1      | jasper the Demonspawn Berserker began the quest for the
                  | Orb.
     0 | D:1      | Reached XP level 1. HP: 18/18 MP: 1/1
   158 | D:1      | Gained mutation: Your touch may inflict minor irresistible
                  | damage on your foes. [demonic ancestry]
   158 | D:1      | Reached XP level 2. HP: 17/24 MP: 2/2
   400 | D:1      | Reached skill level 1 in Unarmed Combat
   806 | D:1      | Reached XP level 3. HP: 25/29 MP: 3/3
   865 | D:1      | Found a faded altar of an unknown god.
  1477 | D:2      | Noticed Sigmund
  1483 | D:1      | Reached skill level 2 in Unarmed Combat
  1584 | D:2      | Reached ** piety under Trog
  2529 | D:3      | Reached XP level 4. HP: 17/35 MP: 4/4
  2754 | D:3      | Reached skill level 3 in Unarmed Combat
  3546 | D:4      | Noticed a water moccasin
  3584 | D:3      | Gained mutation: Your touch may inflict irresistible damage
                  | on your foes. [demonic ancestry]
  3584 | D:3      | Reached XP level 5. HP: 39/41 MP: 5/5
  3636 | D:5      | Entered Level 5 of the Dungeon
  3646 | D:5      | Reached skill level 4 in Unarmed Combat
  3985 | D:4      | Reached skill level 5 in Unarmed Combat
  3985 | D:4      | Gained mutation: You may rarely emit foul miasma when
                  | damaged in melee. [demonic ancestry]
  3985 | D:4      | Reached XP level 6. HP: 39/47 MP: 6/6
  4289 | D:5      | Reached skill level 6 in Unarmed Combat
  4648 | D:5      | Reached XP level 7. HP: 50/52 MP: 7/7
  4742 | D:5      | Found a staircase to the Ecumenical Temple.
  4832 | D:5      | Found a bloodstained altar of Trog.
  4897 | D:5      | Reached skill level 7 in Unarmed Combat
  5128 | D:5      | Identified a scroll of acquirement
  5128 | D:5      | Acquired a manual of Throwing
  5165 | D:5      | Reached skill level 8 in Unarmed Combat
  5351 | D:6      | Gained mutation: You sometimes emit foul miasma when
                  | damaged in melee. [demonic ancestry]
  5351 | D:6      | Reached XP level 8. HP: 37/58 MP: 8/8
  5557 | D:6      | Reached *** piety under Trog
  5663 | D:6      | Reached skill level 9 in Unarmed Combat
  5870 | D:6      | Noticed Maggie
  5875 | D:6      | HP: 2/58 [steam dragon (4)]
  5876 | D:6      | Slain by a steam dragon

Illustrated notes

Levels and vault maps discovered:
D:1:      nicolae_arrival_washed_ashore, layout_loops_ring,
          nicolae_ecumenical_snake_handling
D:2:      layout_loops_ring, uniq_natasha, uniq_sigmund
D:3:      layout_basic, minmay_door_square, minmay_gold_behind_fungi,
          minmay_cupped
D:4:      layout_basic
D:5:      layout_rooms, temple_statues, serial_park_tiny_2,
          kennysheep_flooded_box, chequers_avenue, minmay_misc_feat_alley,
          minmay_statues_item
D:6:      minmay_evil_eye, layout_basic, uniq_maggie

Skill      XL: |  1  2  3  4  5  6  7  8 |
---------------+-------------------------+-----
Long Blades    | 3 |  3.2
Unarmed Combat | 1 2 3 5 6 8 9 |  9.5
Fighting       | |  3.0
Armour         | |  1.7
Dodging        | |  1.7

Action                   |  1- 3 |  4- 6 |  7- 9 || total
-------------------------+-------+-------+-------++-------
Melee: Falchion          |    83 |       |       ||    83
       Touch             |    16 |    22 |    30 ||    68
       Unarmed           |    76 |   116 |   101 ||   293
       Punch             |       |     2 |     2 ||     4
Throw: Stone             |       |     6 |    13 ||    19
       Dart              |       |     2 |       ||     2
Invok: Berserk           |     2 |     3 |     2 ||     7
       Trog's Hand       |       |       |     1 ||     1
  Use: Scroll            |     2 |     2 |     2 ||     6
       Potion            |       |       |     2 ||     2
Armor: Animal skin       |    28 |       |       ||    28
       Scale mail        |       |    34 |       ||    34
       Chain mail        |       |    13 |    48 ||    61
Dodge: Dodged            |   101 |    50 |    30 ||   181

Table legend: (Time is in decaauts)
 A = Elapsed time spent in this place.
 B = Non-inter-level travel time spent in this place.
 C = Inter-level travel time spent in this place.
 D = Time resting spent in this place.
 E = Time spent auto-exploring this place.
 F = Levels seen in this place.
 G = Mean time per level.
                   A        B        C        D        E       F      G
               +--------+--------+--------+--------+--------+-----+--------+
         Total |   5932 |   5685 |    247 |   1588 |   3034 |   6 |  988.7 |
       Dungeon |   5932 |   5685 |    247 |   1588 |   3034 |   6 |  988.7 |
               +--------+--------+--------+--------+--------+-----+--------+

Top non-repeatable levels by time:
     D:3: 1781 daAuts
     D:1: 1586 daAuts
     D:5: 1273 daAuts
     D:6: 633 daAuts
     D:4: 401 daAuts
     D:2: 256 daAuts
